 Dungeon Crawl Stone Soup version 0.28-a0-1632-g283549b12f (webtiles) character file.

Game seed: 12439886850397359522

19 Conn the Firebug (level 2, -1/17 HPs)
             Began as an Octopode Fire Elementalist on Jan 25, 2022.
             Slain by a frilled lizard (2 damage)
             ... on level 1 of the Dungeon.
             The game lasted 00:01:19 (408 turns).

Conn the Firebug (Octopode Fire Elementalist)        Turns: 408, Time: 00:01:19

Health: -1/17      AC:  1    Str:  7    XL:     2   Next: 75%
Magic:  1/5        EV: 13    Int: 17    God:
Gold:   13         SH:  0    Dex: 12    Spells: 4/5 levels left

rFire   . . .      SeeInvis .   a - +0 short sword
rCold   . . .      Faith    .   (no shield)
rNeg    . . .      Spirit   .   (helmet restricted)
rPois   .          Reflect  .   (no amulet)
rElec   .          Harm     .   (no ring)
rCorr   .          Rampage  .   (no ring)
Will    .....                   (no ring)
Stlth   +++.......              (no ring)
HPRegen 0.05/turn               (no ring)
MPRegen 0.09/turn               (no ring)
                                (no ring)
                                (no ring)

@: no status effects
A: almost no armour, amphibious, 8 rings, camouflage 1, gelatinous body 1,
(nimble swimmer 1), tentacles
a: no special abilities


You were on level 1 of the Dungeon.
You visited 1 branch of the dungeon, and saw 1 of its levels.

You collected 13 gold pieces.

Inventory:

Hand Weapons
 a - a +0 short sword (weapon)
Scrolls
 b - a scroll of identify {unknown}
 c - a scroll of magic mapping {unknown}
 d - a scroll of amnesia {unknown}


   Skills:
 + Level 2.0 Dodging
 + Level 2.8 Stealth
 + Level 2.4 Spellcasting
 + Level 1.0 Conjurations
 + Level 3.5 Fire Magic


You had 4 spell levels left.
You knew the following spells:

 Your Spells              Type           Power      Damage    Failure   Level
a - Foxfire               Conj/Fire      36%        2x1d5     8%          1

Your spell library contained the following spells:

 Spells                   Type           Power      Damage    Failure   Level
 Scorch                   Fire           28%        2d6       7%          2
 Conjure Flame            Conj/Fire      9%         6-21      22%         3
 Inner Flame              Hex/Fire       8%         N/A       26%         3
 Flame Wave               Conj/Fire      9%         2d5       58%         4


Dungeon Overview and Level Annotations

Branches:
Dungeon (1/15)

Altars:


Innate Abilities, Weirdness & Mutations

You cannot wear most types of armour.
You are amphibious.
You can wear up to eight rings at the same time.
Your skin changes colour to match your surroundings (Stealth+).
Your rubbery body absorbs attacks. (AC +1, EV +1)
((You are camouflaged when in or above water. (Stealth+)))
You have tentacles for arms and can constrict up to eight enemies at once.


Message History

The foxfire hits the hobgoblin.
You kill the hobgoblin!
The kobold throws a stone.
The stone hits you.
The kobold throws a stone.
The stone hits you but does no damage.
Casting: Foxfire (safe; 8% risk of failure)
Confirm with . or Enter, or press ? or * to list all spells.
You conjure some foxfire!
Unknown command.
The foxfire hits the kobold.
The kobold is severely wounded.
The foxfire hits the kobold.
You kill the kobold!
Unknown command.
The frilled lizard unfolds its giant frill.
You closely miss the frilled lizard. Your grab misses the frilled lizard.
The frilled lizard barely misses you. The goblin hits you with a +0 club.
You closely miss the goblin. You grab the goblin. You squeeze the goblin.
The goblin is moderately wounded.
You constrict the goblin. The frilled lizard bites you.
* * * LOW HITPOINT WARNING * * *
The goblin hits you with a +0 club.
* * * LOW HITPOINT WARNING * * *
Unknown command.
Unknown command.
Unknown command.
Unknown command.
Unknown command.
Unknown command.
You aren't carrying any potions.
Unknown command.
Unknown command.
Press: ? - help, v - describe, . - travel
Here: a frilled lizard The floor.
Unknown command.
Unknown command.
You release your grip on the goblin.
The frilled lizard unfolds its giant frill.
The frilled lizard bites you.
You die...

#........................###
##.......#..#...###.........#
#...>......[#.... ####.#.....
.####.#.........#.###.
##..###..#
.....†...)........#
.....####..#
###.###...........#
##.)......# ##..#
#......##...## #.######.#
#..## #......##.lg.## #.# #†.
.g## #####.####@...####.# #.#
†.......
#.##...#...##..######..
l#######
....................#.# ##
##...#####.............#
.....# #.#........8### ....
#......###..'.. ...
##.#.#.....8### ...
#...####.....# ..... ##.#..#


You could see a goblin and a frilled lizard.

Vanquished Creatures
  3 ball pythons (D:1)
  A bat (D:1)
  3 endoplasms (D:1)
  A giant cockroach (D:1)
  A goblin (D:1)
  A hobgoblin (D:1)
  A quokka (D:1)
  4 kobolds (D:1)
  2 rats (D:1)
17 creatures vanquished.

Vanquished Creatures (others)
  44 foxfires (D:1)
44 creatures vanquished.

Grand Total: 61 creatures vanquished

Notes
Turn   | Place    | Note
-------+----------+-------------------------------------------
     0 | D:1      | Conn the Octopode Fire Elementalist began the quest for the
                  | Orb.
     0 | D:1      | Reached XP level 1. HP: 11/11 MP: 3/3
   149 | D:1      | Reached XP level 2. HP: 14/17 MP: 0/5
   295 | D:1      | Found a faded altar of an unknown god.
   408 | D:1      | Slain by a frilled lizard

Illustrated notes

Levels and vault maps discovered:
D:1:      psy_arrival_radial02, layout_rooms,
          dreamdust_ecumenical_altar_angels_and_demons, minmay_unequal

Action                   || total
-------------------------++-------
Melee: Short sword       ||    12
       Constrict         ||     4
       Tentacles         ||     4
 Cast: Foxfire           ||    23
Armor: Skin              ||     5
Dodge: Dodged            ||    17

Table legend: (Time is in decaauts)
 A = Elapsed time spent in this place.
 B = Non-inter-level travel time spent in this place.
 C = Inter-level travel time spent in this place.
 D = Time resting spent in this place.
 E = Time spent auto-exploring this place.
 F = Levels seen in this place.
 G = Mean time per level.
                   A        B        C        D        E       F      G
               +--------+--------+--------+--------+--------+-----+--------+
         Total |    408 |    408 |      0 |      0 |    290 |   1 |  408.0 |
       Dungeon |    408 |    408 |      0 |      0 |    290 |   1 |  408.0 |
               +--------+--------+--------+--------+--------+-----+--------+

Top non-repeatable levels by time:
     D:1: 408 daAuts
